 Dungeon Crawl Stone Soup version 0.28-a0-8-g6e044cfa68 (webtiles) character file.

Game seed: 18173890829558860066

214 bande the Shield-Bearer (level 5, -1/33 HPs)
             Began as a Gargoyle Fighter on July 23, 2021.
             Slain by an orc warrior (6 damage)
             ... on level 4 of the Dungeon.
             The game lasted 00:05:30 (3773 turns).

bande the Shield-Bearer (Gargoyle Fighter)          Turns: 3773, Time: 00:05:31

Health: -1/33      AC: 14    Str: 17 (20) XL:     5   Next: 91%
Magic:  5/5        EV:  5    Int:  7 (8)  God:
Gold:   46         SH:  9    Dex:  7 (10) Spells: 4/4 levels left

rFire   . . .      SeeInvis .   a - +0 war axe
rCold   . . .      Faith    .   c - +0 kite shield
rNeg    + . .      Spirit   .   f - +0 chain mail
rPois   ∞          Reflect  .   (no helmet)
rElec   +          Harm     .   (no cloak)
rCorr   .          Rampage  .   k - +0 pair of gloves
Will    .....                   (no boots)
Stlth   ..........              (no amulet)
HPRegen 0.11/turn               (no ring)
MPRegen 0.09/turn               (no ring)

@: no status effects
A: sickness immunity, AC +4, negative energy resistance 1, electricity
resistance, torment resistance 1, petrification resistance
a: no special abilities


You were on level 4 of the Dungeon.
You visited 1 branch of the dungeon, and saw 4 of its levels.

You collected 46 gold pieces.

Inventory:

Hand Weapons
 a - a +0 war axe (weapon)
Missiles
 p - 3 throwing nets (quivered)
Armour
 c - a +0 kite shield (worn)
 f - a +0 chain mail (worn)
 k - a +0 pair of gloves (worn)
Scrolls
 b - 2 scrolls of enchant armour {unknown}
 e - a scroll of magic mapping {unknown}
 g - 3 scrolls of identify {unknown}
 h - a scroll of amnesia {unknown}
 i - 3 scrolls of teleportation {unknown}
 m - a scroll of enchant weapon {unknown}
Potions
 d - a potion of might
 l - a potion of flight
 o - a potion of lignification {unknown}


   Skills:
 + Level 3.9 Fighting
 + Level 3.5 Axes
 + Level 4.1 Armour
 + Level 0.8 Dodging
 - Level 0.2 Stealth
 + Level 4.5 Shields


You had 4 spell levels left.
You didn't know any spells.
Your spell library was empty.

Dungeon Overview and Level Annotations

Branches:
Dungeon (4/15)
 Temple: D:4-7

Altars:
Trog
Xom

Shops:
D:2 [

Annotations:
D:4 3 runed translucent doors, Blork the orc; Sin92's ghost, amateur DsFi


Innate Abilities, Weirdness & Mutations

You are immune to sickness and miasma.
Your stone body is resilient. (AC +4)
You are immune to poison.
You resist negative energy. (rN+)
You are resistant to electric shocks. (rElec)
You are resistant to unholy torment.
You are immune to petrification.


Message History

You block the orc warrior's attack.
You hit the orc warrior.
The orc warrior is lightly wounded.
You block the orc warrior's attack. x2
You closely miss the orc warrior.
The orc warrior is lightly wounded.
The orc warrior hits you but does no damage.
You hit the orc warrior but do no damage.
The orc warrior is lightly wounded.
You block the orc warrior's attack. x2
Sin92's ghost whispers, "It is all a dream - a grotesque and foolish dream."
You hit the orc warrior but do no damage.
The orc warrior is lightly wounded.
Blork the orc begins to cast a cantrip, but forgets the words!
The orc warrior hits you with a +2 long sword of pain!
You writhe in agony.
You barely miss the orc warrior.
The orc warrior is lightly wounded.
You block the orc warrior's attack.
The quokka twitches its whiskers.
You block the orc warrior's attack.
You completely miss the orc warrior.
The orc warrior is lightly wounded.
You block the orc warrior's attack.
You hit the orc warrior but do no damage.
The orc warrior is lightly wounded.
The orc warrior barely misses you.
Blork the orc looks encouraged for a moment.
The orc warrior hits you with a +2 long sword of pain.
* * * LOW HITPOINT WARNING * * *
You hit the orc warrior.
The orc warrior is moderately wounded.
The orc warrior hits you with a +2 long sword of pain.
* * * LOW HITPOINT WARNING * * *
Sin92's ghost screams, "I'll kill anyone who wants the ORB!"
Your chain mail prevents you from hitting the orc warrior.
The orc warrior is moderately wounded.
You block the orc warrior's attack.
The orc warrior hits you with a +2 long sword of pain.
You die...

#..)( ..#........
#.#.#...#.#.........
.#..#.#..#.........
#.#...#.#..#.$....
#...$..W#..#.#....
#.....lS#.........
#.###+++###{........ #
#........@ooo.......
##.######..####r........
..............o.$.......
............#...........
.......<........#.##....
.............####.# ....
######......## .# ...
#......# ## ## #......#


You could see Blork the orc (fast), an orc warrior, an iguana, Sin92's ghost, an
orc, a quokka and a ball python.

Vanquished Creatures
  Jessica (D:3)
  An orc wizard (D:3)
  Natasha (thrice) (D:2)
  2 adders (D:3)
  2 dart slugs
  5 orcs (D:3)
  6 endoplasms
  4 giant cockroaches
  6 goblins
  6 jackals
  9 kobolds
  A quokka (D:3)
  6 ball pythons
  3 bats
  4 frilled lizards
  8 rats
67 creatures vanquished.

Notes
Turn   | Place    | Note
-------+----------+-------------------------------------------
     0 | D:1      | bande the Gargoyle Fighter began the quest for the Orb.
     0 | D:1      | Reached XP level 1. HP: 14/14 MP: 1/1
   257 | D:1      | Reached XP level 2. HP: 14/19 MP: 2/2
   700 | D:2      | Found Diabb's Armour Shoppe.
  1035 | D:2      | Reached XP level 3. HP: 23/23 MP: 3/3
  1413 | D:2      | Noticed Natasha
  1426 | D:2      | Killed Natasha
  1510 | D:2      | Reached XP level 4. HP: 25/28 MP: 4/4
  1634 | D:2      | Noticed Natasha
  1641 | D:2      | Killed Natasha
  1851 | D:2      | Noticed Natasha
  1862 | D:2      | Killed Natasha
  2425 | D:3      | Noticed Jessica
  2430 | D:3      | Killed Jessica
  2431 | D:3      | Reached XP level 5. HP: 26/33 MP: 5/5
  2558 | D:3      | Found a faded altar of an unknown god.
  2811 | D:3      | Found a bloodstained altar of Trog.
  3421 | D:3      | Found a shimmering altar of Xom.
  3439 | D:3      | Found a shimmering altar of Xom.
  3442 | D:3      | Found a shimmering altar of Xom.
  3739 | D:4      | Found a runed translucent gate.
  3739 | D:4      | Found a runed translucent gate.
  3739 | D:4      | Found a runed translucent gate.
  3740 | D:4      | Noticed Sin92's ghost (amateur DsFi)
  3750 | D:4      | Noticed an orc warrior
  3751 | D:4      | Noticed Blork the orc
  3773 | D:4      | Slain by an orc warrior

Illustrated notes

Levels and vault maps discovered:
D:1:      eino_arrival_druids_welcome, layout_rooms
D:2:      layout_basic, serial_shops, nicolae_shop_waterfront, uniq_natasha
D:3:      layout_loops_ring, trog_hazing_becter, xom_redecorated,
          shapermc_ecumenical_altar_notcrosses, grunt_decor_arrowhead,
          uniq_jessica
D:4:      layout_rooms, gammafunk_ghost_split, uniq_blork_the_orc, uniq_ijyb,
          uniq_eustachio

Skill      XL: |  1  2  3  4 |
---------------+-------------+-----
Axes           | 2 3 |  3.5
Shields        | 4 |  4.5
Armour         | 4 |  4.1
Fighting       | |  3.9
Dodging        | |  0.8
Stealth        | |  0.2

Action                   |  1- 3 |  4- 6 || total
-------------------------+-------+-------++-------
Melee: War axe           |   104 |   146 ||   250
  Use: Potion            |       |     3 ||     3
Armor: Chain mail        |    82 |   122 ||   204
       Scale mail        |     3 |       ||     3
Dodge: Dodged            |    24 |    34 ||    58
Block: Kite shield       |    64 |    85 ||   149

Table legend: (Time is in decaauts)
 A = Elapsed time spent in this place.
 B = Non-inter-level travel time spent in this place.
 C = Inter-level travel time spent in this place.
 D = Time resting spent in this place.
 E = Time spent auto-exploring this place.
 F = Levels seen in this place.
 G = Mean time per level.
                   A        B        C        D        E       F      G
               +--------+--------+--------+--------+--------+-----+--------+
         Total |   3932 |   3920 |     12 |   1114 |   1960 |   4 |  983.0 |
       Dungeon |   3932 |   3920 |     12 |   1114 |   1960 |   4 |  983.0 |
               +--------+--------+--------+--------+--------+-----+--------+

Top non-repeatable levels by time:
     D:2: 1559 daAuts
     D:3: 1397 daAuts
     D:1: 930 daAuts
     D:4: 44 daAuts
